[Event "Pan-American Team-ch 2024"]
[Site "McAllen"]
[Date "2024.01.09"]
[Round "4.4"]
[White "Stearman, Josiah"]
[Black "Risteski, Emil"]
[Result "1-0"]
[ECO "B66"]
[WhiteElo "2455"]
[BlackElo "2375"]
[Annotator "RC"]
[PlyCount "59"]
[EventDate "2024.01.05"]
[EventType "team-tourn"]
[EventCountry "USA"]
[TimeControl "5400+30"]

1. e4 c5 2. Nf3 d6 3. d4 Nf6 4. Nc3 cxd4 5. Nxd4 Nc6 6. Bg5 Qb6 7. Nb3 e6 8. Qd2 a6 9. O-O-O Be7 10. f3 Qc7 11. h4 h6 12. Be3 h5 13. Qf2 b5 14. a3 Rb8 15. Qg3 g6 16. Be2 b4 17. axb4 Nxb4 18. Rd4 Qb6 19. e5 Nxc2 20. Bb5+ axb5 21. Kxc2 b4 22. Rd3 Qb7 23. Na5 Qa6 24. exd6 bxc3 25. dxe7 Nd7 26. Qc7 Rxb2+ 27. Kxc3 Kxe7 28. Bc5+ Ke8 29. Kxb2 Qb5+ 30. Nb3 1-0

[Event "Pan-American Team-ch 2024"]
[Site "McAllen"]
[Date "2024.01.08"]
[Round "4.5"]
[White "Kantor, Gergely"]
[Black "Schitco, Ivan"]
[Result "1-0"]
[ECO "C79"]
[WhiteElo "2531"]
[BlackElo "2521"]
[Annotator "RC"]
[PlyCount "27"]
[EventDate "2024.01.05"]
[EventType "team-tourn"]
[EventCountry "USA"]
[TimeControl "5400+30"]

1. e4 e5 2. Nf3 Nc6 3. Bb5 a6 4. Ba4 Nf6 5. O-O d6 6. Re1 Bd7 7. c3 g6 8. d4 Bg7 9. h3 O-O 10. Bc2 Qe8 11. Nbd2 Nh5 12. Nc4 Kh8 13. Bb1 exd4 14. cxd4 1-0

[Event "Pan-American Team-ch 2024"]
[Site "McAllen"]
[Date "2024.01.08"]
[Round "4.8"]
[White "Rahul Srivatshav P"]
[Black "Zhurbinsky, David"]
[Result "1-0"]
[ECO "E06"]
[WhiteElo "2454"]
[BlackElo "2098"]
[Annotator "ChessBase"]
[PlyCount "71"]
[EventDate "2024.01.05"]
[EventType "team-tourn"]
[EventCountry "USA"]
[TimeControl "5400+30"]

1. Nf3 Nf6 2. c4 e6 3. g3 d5 4. Bg2 Be7 5. d4 O-O 6. Nc3 dxc4 7. Ne5 Nc6 8. Bxc6 bxc6 9. Nxc6 Qe8 10. Nxe7+ Qxe7 11. Qa4 Bb7 12. f3 e5 13. dxe5 Nd7 14. Bf4 g5 15. Bxg5 Qxg5 16. Qxd7 Rad8 17. Qxc7 Bxf3 18. O-O Qe3+ 19. Rf2 Ba8 20. Qxc4 Rd4 21. Qc7 h5 22. Kf1 h4 23. e6 Qxe6 24. Rd1 Rxd1+ 25. Nxd1 Qd5 26. Ke1 Rd8 27. Qc1 Re8 28. Qf4 hxg3 29. Qxg3+ Kf8 30. Nc3 Qe6 31. Qf4 Qg6 32. Rf1 a6 33. Qb4+ Re7 34. Qd4 Qh6 35. Rf4 Qxh2 36. Qd8+ 1-0

[Event "Pan-American Team-ch 2024"]
[Site "McAllen"]
[Date "2024.01.08"]
[Round "4.9"]
[White "Gazik, Viktor"]
[Black "Koustav Chatterjee"]
[Result "1-0"]
[ECO "C84"]
[WhiteElo "2567"]
[BlackElo "2546"]
[Annotator "RC"]
[PlyCount "127"]
[EventDate "2024.01.05"]
[EventType "team-tourn"]
[EventCountry "USA"]
[TimeControl "5400+30"]

1. e4 e5 2. Nf3 Nc6 3. Bb5 a6 4. Ba4 Nf6 5. O-O Be7 6. d3 b5 7. Bb3 d6 8. Bd2 Bg4 9. c3 Na5 10. Bc2 c5 11. h3 Bh5 12. Bc1 O-O 13. Nbd2 Nc6 14. Re1 d5 15. Qe2 d4 16. g4 Bg6 17. Nf1 Nd7 18. Bb3 Nb6 19. cxd4 Nxd4 20. Nxd4 cxd4 21. f4 exf4 22. Bxf4 Bg5 23. Qd2 Bxf4 24. Qxf4 Qb8 25. Qxb8 Raxb8 26. Nh2 a5 27. Rec1 a4 28. Bd1 f6 29. Nf3 Rfd8 30. Rc7 Bf7 31. a3 Nd7 32. Rac1 Nf8 33. Kf1 Ne6 34. Ra7 Ra8 35. Rxa8 Rxa8 36. Ke1 Nf4 37. Kd2 Rd8 38. h4 Be6 39. g5 fxg5 40. Nxg5 Bd7 41. Rc5 h6 42. Nf3 Be8 43. Ne5 Rd6 44. Bg4 h5 45. Bf5 Kf8 46. Rc8 Ke7 47. Rc7+ Kf8 48. Rc8 Ke7 49. Nf3 b4 50. axb4 g6 51. e5 Rb6 52. Be4 Rxb4 53. Kc2 Bb5 54. Rc7+ Ke8 55. Rc8+ Ke7 56. Rc7+ Ke8 57. Ng5 Rb3 58. e6 Bxd3+ 59. Bxd3 Nxd3 60. Ne4 Nb4+ 61. Kc1 Re3 62. Nd6+ Kf8 63. Rf7+ Kg8 64. e7 1-0

[Event "Pan-American Team-ch 2024"]
[Site "McAllen"]
[Date "2024.01.08"]
[Round "4.10"]
[White "Brodsky, David"]
[Black "Dudin, Gleb"]
[Result "1-0"]
[ECO "C54"]
[WhiteElo "2492"]
[BlackElo "2533"]
[Annotator "TA"]
[PlyCount "69"]
[EventDate "2024.01.05"]
[EventType "team-tourn"]
[EventCountry "USA"]
[TimeControl "5400+30"]

1. e4 e5 2. Nf3 Nc6 3. Bc4 Bc5 4. c3 Nf6 5. d4 exd4 6. b4 {[%cal Bb2b4,Bb4b5,Bb5c6][%mdl 32] C54: Giuoco Piano: 4 c3 Nf6, main lines with 5 d4 and 5 d3.} Be7 7. e5 d5 ({Better is} 7... Ne4 $11) 8. exf6 $14 {White is slightly better.} Bxf6 {[#]} 9. b5 $146 {aiming for Be2.} (9. Qe2+ Be6 10. b5 dxc4 11. bxc6 dxc3 $15) ({Predecessor:} 9. Bb5 Qe7+ 10. Kd2 dxc3+ 11. Nxc3 Bxc3+ {0-1 Gass,U (2045)-Vitenberg,N (2315) Basel Christmas op 2022 (1)}) 9... Nb4 10. Qe2+ (10. Nxd4 $2 dxc4 11. Qe2+ Qe7 12. Qxe7+ Kxe7 $19) 10... Be6 $1 11. Ba3 (11. Nxd4 $2 dxc4 12. Nxe6 fxe6 $19) (11. Bb3 {is more complex.} dxc3 12. a3 d4 13. Nxc3 d3 14. Qd2) 11... c5 (11... dxc4 $11 {remains equal.} 12. Bxb4 d3) 12. bxc6 $1 $16 (12. cxb4 $2 dxc4 13. Qe4 O-O $19) 12... Nxc6 13. Bb5 dxc3 14. O-O $1 {White is more active.} Qa5 15. Ne5 a6 (15... Qc7 $16 {was necessary.} 16. Ng4 d4) 16. Bxc6+ $18 (16. Nxc6 $2 Qxb5 17. Qxb5 axb5 $19) 16... bxc6 {[#]} 17. Bd6 (17. Nxc6 $2 Qb5 18. Qxb5 axb5 $19) (17. f4 $1 $18 {[%cal Rf4f5] And now f5 would win.} g6 18. Qe3 (18. Nxc6 $2 Qb6+ 19. Kh1 Qxc6 $19)) 17... d4 $1 $11 {White must now prevent ...Qd5.} 18. Nd3 (18. Nxc6 $2 Qb6 19. Nxd4 (19. Qe4 $2 Rc8 $19) 19... Bxd4 $19) 18... Ra7 (18... O-O-O $11 19. Bg3 h5) 19. Nc5 Qd8 20. Nxe6 Qxd6 21. Nxg7+ ({Reject} 21. Nxd4+ Re7 22. Nf5 (22. Qxa6 Qxd4 23. Nxc3 O-O $15) 22... Rxe2 $15) 21... Kd8 (21... Kf8 $1 $14 22. Nh5 Rg8) 22. Nf5 $16 d3 $2 (22... Qd5 $16 {is a better defense.} 23. Qd3 h5) 23. Qe3 $18 Qd7 24. Qc5 $2 (24. Qf4 $18 {Strongly threatening Qb8+.} Rc7 25. Nxc3 Bxc3 26. Rab1) 24... Re8 $2 (24... c2 $11 {and Black is okay.} 25. Nd2 Bxa1 26. Rxa1 Re8) 25. Nxc3 Bxc3 26. Rad1 {Nd6 is the strong threat.} ({Worse is} 26. Qxc3 Qxf5 27. Rab1 Qd5 $14) 26... Be5 {Dodges Nd6} (26... Re5 $16 27. Qc4 (27. Qxc3 Qxf5 28. Rxd3+ Rd7 $16) 27... d2) 27. Ne3 $2 (27. Rfe1 $18 f6 28. g4) 27... Rb7 (27... Kc8 $14) 28. Qc4 (28. Qa3 $18) 28... d2 $14 29. Qxa6 Rb5 30. a4 {Some like it hot} Rb2 (30... Rd5 $16 {is a better chance.}) 31. Nc4 $18 Rc2 {[#]} 32. Nxd2 $1 {[%mdl 64] Decoy. White is clearly winning.} Bd4 (32... Rxd2 $142 33. Qa5+ Bc7 34. Qxd2 Qxd2) 33. Nf3 c5 34. Nxd4 cxd4 35. Qf6+ {[%emt 1:48:00] A superb game by Brodsky.   Weighted Error Value: White=0.52/Black=0.78} 1-0

[Event "Pan-American Team-ch 2024"]
[Site "McAllen"]
[Date "2024.01.08"]
[Round "4.11"]
[White "Beradze, Irakli"]
[Black "Escalante Ramirez, Brian"]
[Result "1-0"]
[ECO "D35"]
[WhiteElo "2507"]
[BlackElo "2500"]
[Annotator "ChessBase"]
[PlyCount "30"]
[EventDate "2024.01.05"]
[EventType "team-tourn"]
[EventCountry "USA"]
[TimeControl "5400+30"]

1. Nf3 d5 2. d4 Nf6 3. c4 e6 4. Nc3 Nbd7 5. cxd5 exd5 6. Bg5 h6 7. Bf4 Nb6 8. Qd2 Bd6 9. Bxd6 Qxd6 10. e3 O-O 11. Bd3 Be6 12. a3 c6 13. b4 a5 14. Rb1 axb4 15. axb4 Nbd7 1-0

[Event "Pan-American Team-ch 2024"]
[Site "McAllen"]
[Date "2024.01.08"]
[Round "4.12"]
[White "Juksta, Karolis"]
[Black "Rodrigue-Lemieux, Shawn"]
[Result "1/2-1/2"]
[ECO "D38"]
[WhiteElo "2416"]
[BlackElo "2502"]
[Annotator "RC"]
[PlyCount "67"]
[EventDate "2024.01.05"]
[EventType "team-tourn"]
[EventCountry "USA"]
[TimeControl "5400+30"]

1. d4 Nf6 2. c4 e6 3. Nf3 d5 4. Nc3 Bb4 5. Bg5 h6 6. Bxf6 Qxf6 7. e3 O-O 8. Rc1 dxc4 9. Bxc4 c5 10. O-O cxd4 11. Ne4 Qe7 12. a3 Ba5 13. exd4 Rd8 14. Rc2 Bd7 15. Re2 Bc6 16. Qc2 Bb6 17. Rfe1 Bxe4 18. Rxe4 Qf8 19. Rxe6 Nc6 20. Rxc6 bxc6 21. Ne5 Re8 22. Re4 Rxe5 23. dxe5 Kh8 24. Rf4 Qc5 25. Rf5 Qa5 26. g3 Qe1+ 27. Kg2 Re8 28. Rxf7 Qxe5 29. Qg6 Qg5 30. Rxg7 Qxg6 31. Rxg6 Rd8 32. Rxh6+ Kg7 33. Re6 Rd4 34. b3 1/2-1/2

[Event "Pan-American Team-ch 2024"]
[Site "McAllen"]
[Date "2024.01.08"]
[Round "5.1"]
[White "Oparin, Grigoriy"]
[Black "Schitco, Ivan"]
[Result "1/2-1/2"]
[ECO "C50"]
[WhiteElo "2664"]
[BlackElo "2521"]
[Annotator "TA"]
[PlyCount "94"]
[EventDate "2024.01.05"]
[EventType "team-tourn"]
[EventCountry "USA"]
[TimeControl "5400+30"]

1. e4 e5 2. Nf3 Nc6 3. Bc4 d6 4. O-O Be7 5. a4 Be6 6. d3 {[%cal Bd2d3,Bd3c4,Bc4d5][%mdl 32] C50: Hungarian Defence and Giuoco Pianissimo.} Nf6 7. Nc3 O-O 8. Re1 {The position is equal.} Bxc4 9. dxc4 a5 10. Nd5 {[#]} Nxd5 $146 ({Predecessor:} 10... b6 11. h3 Nb8 12. Qd3 Na6 13. Be3 Nd7 14. c3 Nac5 15. Qc2 Ne6 16. b4 Kh8 {1-0 Drygalov,A (2475)-Dubov,D (2716) Titled Tuesday intern op 15th Aug Early blitz 2023 (7)}) 11. cxd5 Nb8 12. Qd3 Qc8 13. b3 f5 14. Ba3 fxe4 15. Rxe4 Nd7 16. Rae1 Rf7 17. R4e2 Nf8 18. Bc1 Qd7 19. Re4 Ng6 20. Ng5 Bxg5 21. Bxg5 Raf8 22. f3 b6 23. Rg4 Rf5 24. Bd2 Qf7 25. Rg5 Rxg5 26. Bxg5 h6 27. Be3 Ne7 28. c4 Qf6 29. Qe4 g5 30. Qg4 Nf5 31. Bf2 Kh7 32. Rf1 Qg6 33. Qe4 Ne7 34. Qxg6+ Kxg6 $11 {[%mdl 4096] Endgame KRB-KRN} 35. h3 Ng8 36. Be3 Nf6 37. g4 Nd7 38. Kf2 Nc5 39. Bxc5 bxc5 $15 {KR-KR} 40. Re1 h5 41. Re4 hxg4 42. hxg4 Rh8 (42... Rb8 $5 43. Re3 $8 Rh8 $11) 43. Kg2 Kf7 (43... Rb8 $5 44. Re3 $8 Kf7 $11) 44. Re1 Kf6 45. Kg3 Rb8 46. Re3 Rh8 47. Re1 $1 Rb8 {[%emt 1:54:00] Weighted Error Value: White=0.05 (flawless) /Black=0.04 (flawless)} 1/2-1/2

[Event "Pan-American Team-ch 2024"]
[Site "McAllen"]
[Date "2024.01.08"]
[Round "5.2"]
[White "Macovei, Andrei"]
[Black "Antipov, Mikhail Al."]
[Result "1/2-1/2"]
[ECO "C67"]
[WhiteElo "2460"]
[BlackElo "2604"]
[Annotator "TA"]
[PlyCount "37"]
[EventDate "2024.01.05"]
[EventType "team-tourn"]
[EventCountry "USA"]
[TimeControl "5400+30"]

1. e4 e5 2. Nf3 Nc6 3. Bb5 Nf6 4. O-O Nxe4 5. Re1 Nd6 6. Nxe5 Be7 7. Bf1 Nxe5 8. Rxe5 O-O 9. d4 Bf6 10. Re1 {The position is equal.} Re8 {10...Re8 scores better than 10...Nf5. C67: Ruy Lopez: Berlin Defence: 4 0-0 Nxe4.} 11. Nc3 Rxe1 12. Qxe1 Bxd4 13. Nd5 {[#] Strongly threatening Bf4.} b6 $5 $146 {[%mdl 8] An interesting novelty.} ({Predecessor:} 13... c6 14. Ne7+ Kf8 15. Nxc8 Nxc8 16. Qb4+ c5 17. Qxb7 Ne7 18. c3 Bf6 19. Be3 d6 {1-0 Fiorito,F (2291)-Bjelobrk,I (2405) Titled Tuesday intern op 06th Sep Late blitz 2022 (1)}) 14. Bf4 Bb7 15. Rd1 Bxb2 16. Qb4 {[%csl LRb2,LRd6] Wards off Ba3. Threatens to win with Nxc7.} Bf6 {Threatening ...Bxd5.} 17. Bxd6 Bxd5 18. Rxd5 {[#] Hoping for Be5.} cxd6 19. Qxd6 {[%emt 0:06:43] An uneventful encounter.   Weighted Error Value: White=0.04 (flawless) /Black=0.00 (flawless)} 1/2-1/2

[Event "Pan-American Team-ch 2024"]
[Site "McAllen"]
[Date "2024.01.08"]
[Round "5.3"]
[White "Raja Harshit"]
[Black "Daggupati, Balaji"]
[Result "1/2-1/2"]
[ECO "B22"]
[WhiteElo "2508"]
[BlackElo "2486"]
[Annotator "ChessBase"]
[PlyCount "106"]
[EventDate "2024.01.05"]
[EventType "team-tourn"]
[EventCountry "USA"]
[TimeControl "5400+30"]

1. e4 c5 2. Nf3 e6 3. c3 d5 4. exd5 Qxd5 5. d4 Nf6 6. Na3 Nc6 7. Be3 cxd4 8. Nb5 Qd7 9. Nbxd4 Bd6 10. Nxc6 bxc6 11. Bd4 Be7 12. Qa4 Qc7 13. Ne5 Bb7 14. Nc4 O-O 15. Be5 Qc8 16. Be2 c5 17. O-O Qc6 18. Qxc6 Bxc6 19. Na5 Bd5 20. c4 Nd7 21. cxd5 Nxe5 22. dxe6 fxe6 23. f4 Ng6 24. g3 Bf6 25. Nc4 Bd4+ 26. Kg2 e5 27. f5 Ne7 28. Bd3 Rab8 29. Rae1 Nd5 30. Re2 Rfe8 31. Rfe1 Kf8 32. Kf3 Re7 33. h4 Rb4 34. Rc2 Nb6 35. b3 Nxc4 36. Bxc4 a5 37. a4 Rb6 38. g4 g6 39. Rg2 Rg7 40. Ree2 gxf5 41. gxf5 Rh6 42. Re4 Rxg2 43. Kxg2 Bc3 44. Be6 Ke7 45. Kf3 Kf6 46. Kg4 Kg7 47. Kh3 Kf6 48. Kg3 Rh5 49. Kf3 Rh6 50. Ke2 Bd4 51. Rg4 Bc3 52. Re4 Bd4 53. Kf3 Bc3 1/2-1/2

[Event "Pan-American Team-ch 2024"]
[Site "McAllen"]
[Date "2024.01.08"]
[Round "5.4"]
[White "Rahul Srivatshav P"]
[Black "Stearman, Josiah"]
[Result "0-1"]
[ECO "D27"]
[WhiteElo "2454"]
[BlackElo "2455"]
[Annotator "ChessBase"]
[PlyCount "92"]
[EventDate "2024.01.05"]
[EventType "team-tourn"]
[EventCountry "USA"]
[TimeControl "5400+30"]

1. d4 d5 2. c4 dxc4 3. Nf3 Nf6 4. e3 e6 5. Bxc4 a6 6. O-O c5 7. Nc3 Nc6 8. a4 Be7 9. Qe2 cxd4 10. Rd1 O-O 11. exd4 Nb4 12. Bg5 Nfd5 13. Nxd5 Nxd5 14. Bxe7 Nxe7 15. Ne5 b6 16. Qe4 Ra7 17. Bd3 g6 18. h4 Bb7 19. Qg4 h5 20. Qg3 Bd5 21. Rac1 b5 22. axb5 axb5 23. Rc5 b4 24. Rdc1 Kg7 25. Qf4 Ba8 26. Kh2 Nd5 27. Qg3 Qf6 28. Be4 Nf4 29. Re1 Bxe4 30. Rxe4 Nd5 31. Nd3 Ra1 32. Nf4 Qf5 33. f3 Rd8 34. Rb5 Rd1 35. Rb7 Kg8 36. Nh3 Rd2 37. b3 Rf8 38. Ra7 Nc3 39. Re5 Qf6 40. Rxh5 Ne2 41. Qe5 Qxe5+ 42. Rxe5 Nxd4 43. Re3 Rc8 44. Ng5 Rcc2 45. Re4 Rxg2+ 46. Kh3 Nf5 0-1

[Event "Pan-American Team-ch 2024"]
[Site "McAllen"]
[Date "2024.01.09"]
[Round "5.5"]
[White "Gledura, Benjamin"]
[Black "Marek, Matyas"]
[Result "1/2-1/2"]
[ECO "A40"]
[WhiteElo "2633"]
[BlackElo "2340"]
[Annotator "RC"]
[PlyCount "85"]
[EventDate "2024.01.05"]
[EventType "team-tourn"]
[EventCountry "USA"]
[TimeControl "5400+30"]

1. c4 c5 2. Nf3 g6 3. d4 cxd4 4. Nxd4 Bg7 5. e4 Qb6 6. Nb5 a6 7. Be3 Qa5+ 8. N5c3 Nc6 9. Be2 d6 10. O-O Nf6 11. Nd2 O-O 12. a3 Be6 13. h3 Rab8 14. b4 Qd8 15. Rc1 Nd7 16. Nb3 f5 17. exf5 gxf5 18. f4 Nf6 19. Re1 Bf7 20. Bd3 Bg6 21. Qc2 Qd7 22. Rcd1 Kh8 23. Be2 Qe6 24. Bf1 Qf7 25. b5 Nd8 26. c5 Rc8 27. bxa6 bxa6 28. Nd2 a5 29. Nc4 Nb7 30. Nb6 Rxc5 31. Bxc5 Nxc5 32. Bc4 Qe8 33. Nbd5 Nfe4 34. Nxe4 fxe4 35. Rf1 e6 36. Ne3 Qe7 37. Kh1 Nd3 38. f5 exf5 39. Bxd3 exd3 40. Qd2 Qe4 41. Rfe1 f4 42. Ng4 Qb7 43. Nf2 1/2-1/2

[Event "Pan-American Team-ch 2024"]
[Site "McAllen"]
[Date "2024.01.08"]
[Round "5.6"]
[White "Dhanush Bharadwaj"]
[Black "Hakobyan, Aram"]
[Result "0-1"]
[ECO "A13"]
[WhiteElo "2214"]
[BlackElo "2616"]
[Annotator "TA"]
[PlyCount "48"]
[EventDate "2024.01.05"]
[EventType "team-tourn"]
[EventCountry "USA"]
[TimeControl "5400+30"]

1. c4 Nf6 2. Nf3 e6 3. g3 d5 4. b3 d4 5. Bb2 Nc6 6. Bg2 {A13: English Opening: 1...e6.} e5 7. d3 Bc5 8. O-O {[%cal Ob3b4] Black is slightly better.} O-O {[#]} 9. Ng5 $146 ({Predecessor:} 9. Nbd2 h6 10. Ne1 a5 11. Nc2 Bg4 12. Ba3 Bxa3 13. Nxa3 Qd7 14. Nc2 Rfe8 15. Re1 {0-1 Shahade,G (2476)-Hammer,J (2645) San Francisco Mechanics Institute op rapid 2019 (3)}) 9... h6 10. Ne4 Nxe4 11. Bxe4 Bh3 12. Re1 f5 13. Bh1 {White is weak on the dark squares} Qg5 14. Nd2 Bb4 15. Bc1 Qf6 {[%cal Oe5e4] Black is much more active. The white rooks are badly placed.} 16. a3 Bc3 17. Rb1 Rae8 18. Bb2 (18. Bd5+ {is a better defense.} Kh8 19. Bg2 Bxg2 20. Kxg2) 18... e4 $19 19. dxe4 $2 {[#]} (19. Bg2 {might work better.} Bxg2 20. Kxg2) 19... fxe4 (19... Bxd2 20. Qxd2 fxe4 21. f3 $17 (21. e3 $2 Ne5 $19)) 20. Nxe4 Rxe4 21. Bxe4 Qxf2+ $40 {[%mdl 128] Black has some attack.} 22. Kh1 Ne5 {( -> ...Ng4)} (22... Qxe1+ 23. Qxe1 Bxe1 24. Rxe1 $14) 23. e3 Rf3 (23... Bxb2 $2 {loses.} 24. Re2 (24. Bxb7 Rf3 25. Bd5+ Kh8 26. Rg1 Ng4 {[%mdl 64] Double Attack} 27. Rxb2 Qxb2) 24... Ng4 25. Rexb2 Qxe3 26. Qd3 (26. Bxb7 $2 Nf2+ 27. Rxf2 Rxf2 $19) (26. Bd5+ $2 Kh7 $19) 26... Qxd3 27. Bxd3 Nf2+ 28. Rxf2 Rxf2 29. Re1 $17) 24. Rg1 {[%emt 1:29:41] [#]} Ng4 $1 {[%emt 0:39:42] White got outplayed after the opening. An entertaining game by Hakobyan.   Weighted Error Value: White=0.75/Black=0.03 (flawless)} 0-1

[Event "Pan-American Team-ch 2024"]
[Site "McAllen"]
[Date "2024.01.08"]
[Round "5.7"]
[White "Quesada Perez, Yasser"]
[Black "Andersen, Gunnar"]
[Result "1-0"]
[ECO "B30"]
[WhiteElo "2578"]
[BlackElo "2157"]
[Annotator "RC"]
[PlyCount "91"]
[EventDate "2024.01.05"]
[EventType "team-tourn"]
[EventCountry "USA"]
[TimeControl "5400+30"]

1. e4 c5 2. Nf3 Nc6 3. Bb5 e6 4. Bxc6 bxc6 5. b3 d6 6. e5 d5 7. d3 Ne7 8. O-O Ng6 9. Nc3 Be7 10. Na4 O-O 11. Ba3 f6 12. Bb2 Qc7 13. exf6 Bxf6 14. c3 e5 15. Ne1 Be7 16. Ba3 Nf4 17. f3 Ne6 18. Nc2 Bd6 19. Kh1 Qf7 20. d4 Ba6 21. dxe5 Bxe5 22. Rf2 Bd6 23. Nd4 Qh5 24. f4 Qh6 25. Nxe6 Qxe6 26. Nxc5 Qh6 27. g3 Bc8 28. Qd2 Bg4 29. Qb2 g5 30. Nd3 Bxa3 31. Qxa3 Bf5 32. Nc5 gxf4 33. gxf4 Qd6 34. Qb4 Rf6 35. Rg1+ Bg6 36. Qd4 Raf8 37. Rg4 R8f7 38. b4 Qe7 39. Kg2 Rg7 40. Rg3 Bf5 41. Rff3 Rfg6 42. Qe5 Qf8 43. Re3 h5 44. Rxg6 Bxg6 45. Rg3 Kh7 46. Ne6 1-0

[Event "Pan-American Team-ch 2024"]
[Site "McAllen"]
[Date "2024.01.08"]
[Round "5.8"]
[White "Tarantin, Joseph"]
[Black "Harsha Bharathakoti"]
[Result "0-1"]
[ECO "B22"]
[WhiteElo "1717"]
[BlackElo "2565"]
[Annotator "RC"]
[PlyCount "48"]
[EventDate "2024.01.05"]
[EventType "team-tourn"]
[EventCountry "USA"]
[TimeControl "5400+30"]

1. e4 c5 2. d4 cxd4 3. c3 Nf6 4. e5 Nd5 5. Qxd4 e6 6. Nf3 Nc6 7. Qe4 f5 8. Qe2 b5 9. g3 Qc7 10. Nbd2 a5 11. Bg2 Be7 12. O-O O-O 13. Rd1 Ba6 14. Nf1 a4 15. Rxd5 exd5 16. Qd1 Kh8 17. Qxd5 Bb7 18. Bf4 Nd8 19. Qd2 Ne6 20. Ne3 g5 21. Nxg5 Bxg5 22. Bxg5 Nxg5 23. Nd5 Qxe5 24. Re1 Ne4 0-1

[Event "Pan-American Team-ch 2024"]
[Site "McAllen"]
[Date "2024.01.08"]
[Round "5.9"]
[White "Antova, Gabriela"]
[Black "Sorokin, Aleksey"]
[Result "0-1"]
[ECO "E16"]
[WhiteElo "2229"]
[BlackElo "2555"]
[Annotator "ChessBase"]
[PlyCount "98"]
[EventDate "2024.01.05"]
[EventType "team-tourn"]
[EventCountry "USA"]
[TimeControl "5400+30"]

1. d4 Nf6 2. c4 e6 3. Nf3 d5 4. g3 Bb4+ 5. Nbd2 O-O 6. Bg2 b6 7. cxd5 exd5 8. O-O Re8 9. Ne5 Bb7 10. a3 Bd6 11. Ndc4 Bf8 12. b4 Ne4 13. Ne3 Nd7 14. Bb2 a5 15. b5 a4 16. Qd3 Ra5 17. Nc6 Bxc6 18. bxc6 Ndf6 19. f3 Nd6 20. Bc3 Ra8 21. Nc2 Re6 22. Bh3 Re8 23. Rfe1 b5 24. Kh1 Rb8 25. Nb4 Rb6 26. Bg2 Nc4 27. e4 Bxb4 28. Bxb4 dxe4 29. fxe4 Rxc6 30. Ra2 Rce6 31. Rae2 h5 32. Bc5 Nd7 33. Bb4 c5 34. dxc5 Qc7 35. Bh3 Nde5 36. Qc3 Rf6 37. Rf1 Qc6 38. Rxf6 Qxf6 39. Re1 Rd8 40. Rf1 Qc6 41. Bg2 Rd3 42. Qa1 h4 43. gxh4 Qc7 44. h3 Ne3 45. Rg1 Nxg2 46. Rxg2 Rxh3+ 47. Kg1 Rxh4 48. Qf1 Qd7 49. Qf5 Qd4+ 0-1

[Event "Pan-American Team-ch 2024"]
[Site "McAllen"]
[Date "2024.01.09"]
[Round "6.2"]
[White "Antipov, Mikhail Al."]
[Black "Dudin, Gleb"]
[Result "1/2-1/2"]
[WhiteElo "2604"]
[BlackElo "2533"]
[Annotator "TA"]
[PlyCount "30"]
[EventDate "2024.01.05"]
[EventType "team-tourn"]
[EventCountry "USA"]
[TimeControl "5400+30"]

1. e4 e5 2. Nf3 Nc6 3. Bc4 Nf6 4. d3 Be7 5. a4 O-O 6. Nc3 {C55: Two Knights: 4 d3, 4 d4 exd4 5 e5 and Max Lange Attack.} d6 7. a5 a6 8. O-O h6 9. Re1 {[%emt 0:11:00] [#] An uneventful encounter.   Weighted Error Value: White=0.09 (flawless) /Black=0.08 (flawless)} {Predecessor:} Re8 $146 10. Nd5 Nxd5 11. Bxd5 Nxa5 12. Rxa5 c6 13. Bxc6 bxc6 14. Bd2 Rb8 15. b4 Bf8 {½-½ Oparin,G (2681)-Van Foreest,J (2707) EU-Cup 38th Durres 2023 (5.4)} 1/2-1/2

[Event "Pan-American Team-ch 2024"]
[Site "McAllen"]
[Date "2024.01.08"]
[Round "6.3"]
[White "Beradze, Irakli"]
[Black "Raja Harshit"]
[Result "1/2-1/2"]
[ECO "D46"]
[WhiteElo "2507"]
[BlackElo "2508"]
[Annotator "RC"]
[PlyCount "20"]
[EventDate "2024.01.05"]
[EventType "team-tourn"]
[EventCountry "USA"]
[TimeControl "5400+30"]

1. Nf3 d5 2. d4 Nf6 3. c4 e6 4. Nc3 c6 5. e3 Nbd7 6. Qc2 Bd6 7. Bd3 O-O 8. O-O dxc4 9. Bxc4 b5 10. Bd3 Bb7 1/2-1/2

[Event "Pan-American Team-ch 2024"]
[Site "McAllen"]
[Date "2024.01.08"]
[Round "6.5"]
[White "Sorokin, Aleksey"]
[Black "Gledura, Benjamin"]
[Result "1-0"]
[ECO "D35"]
[WhiteElo "2555"]
[BlackElo "2633"]
[Annotator "TA"]
[PlyCount "91"]
[EventDate "2024.01.05"]
[EventType "team-tourn"]
[EventCountry "USA"]
[TimeControl "5400+30"]

1. d4 Nf6 2. c4 e6 3. Nc3 d5 4. cxd5 exd5 5. Bg5 Be6 6. e3 {D35: Queen's Gambit Declined: Exchange Variation.} Nbd7 7. Bd3 c6 8. Nge2 {White has an edge.} h6 9. Bf4 g5 10. Bg3 Nh5 11. Qc2 Nxg3 12. Nxg3 h5 13. e4 Nb6 14. e5 {[#]} Rc8 $146 (14... h4 $11 15. Nf5 Qd7) ({Predecessor:} 14... Qc7 15. a4 a5 16. Nge2 O-O-O 17. O-O Kb8 18. f4 f6 19. Bf5 Bg8 20. b3 gxf4 21. Nxf4 fxe5 {0-1 Bonsack,L (2372)-Baranowski,T (2375) ROM 100/B email 2018}) 15. O-O $14 (15. Nf5 {is more complex.} Kd7 16. a4 a5 17. O-O) 15... h4 (15... Kd7 {is interesting.} 16. Nf5 Rc7 17. a4 a5) 16. Nge2 (16. Nf5 {looks sharper.} Kd7 17. a4 a5 18. b3) 16... Bh6 (16... Kd7 $11 {remains equal.}) 17. f4 gxf4 18. Nxf4 Bxf4 (18... Qe7 $1 $14) 19. Rxf4 $16 Qg5 {Prevents Bf5.} 20. Raf1 Kd7 (20... Kd8 $16 {keeps fighting.}) 21. a4 ({White should try} 21. Na4 $18) 21... a5 22. R1f2 (22. Nd1 {feels hotter.} Kc7 23. Qc5 Nd7 24. Qd6+) 22... Rcg8 {[#]} (22... Kd8 $16 {was necessary.} 23. Qb3 Kc7) 23. Nd1 ({But not} 23. Qb3 $6 Qd8 $16) (23. Nb5 $1 $18 {[%cal Rb5d6] aiming for Nd6.} Nc8 24. Qc3) 23... Qe7 24. Qd2 Qb4 25. Qxb4 axb4 26. b3 Nc8 27. Nb2 Ne7 28. Bc2 b6 29. Nd3 Rc8 30. a5 {[%mdl 64] Deflection} bxa5 31. Nc5+ Ke8 (31... Kc7 $14) 32. Bd3 Rb8 33. Ra2 Ra8 {[#]} 34. Na6 $1 {White has more active pieces. The black rooks are badly placed.} Ra7 {Dodges Nc7+} 35. Rxa5 ({White should play} 35. Nxb4 $1 $16 h3 36. g3) 35... Bc8 $1 $14 36. Ra4 {Hoping for Nc5.} Bxa6 37. Bxa6 Rh6 (37... Kd7 $11) 38. Rf1 Rg6 39. Rf4 {Inhibits Rg4.} (39. Be2 $1 $14 Rxa4 40. bxa4) 39... Rg5 40. Kf2 $1 Ng6 41. Rf6 Rc7 42. Rxb4 {Black must now prevent Rb8+.} c5 $2 {[%mdl 8192] Loses the game.} (42... Kf8 $16 {is a better chance.}) 43. Rb8+ $18 {White is clearly winning.} Ke7 44. Bb5 Nxe5 45. dxe5 Rxe5 46. Rh6 {[%emt 1:53:30] Weighted Error Value: White=0.15 (very precise) /Black=0.32} 1-0